MWL (24 & UNDER)
LITTLE ROCK LEMMIWINKS @ PLUMSTEAD EAGLES
08/23/2028
 
TOP OF THE 1ST
Little Rock Lemmiwinks batting - Pitching for Plumstead Eagles : RHP Manny Ramos
Pitching: RHP Manny Ramos
Batting: RHB Álex Martínez 0-0: Ball
1-0: Ball
2-0: Called Strike
2-1: Ball
3-1: Foul Ball, location: 2F
3-2: Base on Balls
Batting: RHB James Hunter 0-0: Called Strike
0-1: Called Strike
0-2: Ball
1-2: Strikes out looking
Batting: RHB Bill Bourland 0-0: Ball
Álex Martínez steals 2nd base
1-0: Called Strike
Álex Martínez is caught stealing 3rd base
1-1: Hit by Pitch
Batting: RHB Jaime Hernández 0-0: Called Strike
Bill Bourland steals 2nd base
0-1: Called Strike
0-2: Ball
1-2: Strikes out swinging
Top of the 1st over - 0 run(s), 0 hit(s), 0 error(s), 1 left on base; Little Rock 0 - Plumstead 0
BOTTOM OF THE 1ST
Plumstead Eagles batting - Pitching for Little Rock Lemmiwinks : LHP Alberto Galindo
Pitching: LHP Alberto Galindo
Batting: LHB Russell Ewing 0-0: Foul Ball, location: 2F
0-1: Ball
1-1: Called Strike
1-2: Ball
2-2: Foul Ball, location: 2F
2-2: Strikes out swinging
Batting: RHB Rob Brady 0-0: Foul Ball, location: 2F
0-1: Swinging Strike
0-2: Strikes out swinging
Batting: RHB Kolomon Meise 0-0: Ball
1-0: Ball
2-0: Foul Ball, location: 2F
2-1: SINGLE (Line Drive, 6MD)
Batting: LHB Roberto Rodríguez 0-0: Ball
1-0: Ground out U3 (Groundball, 3S)
Bottom of the 1st over - 0 run(s), 1 hit(s), 0 error(s), 1 left on base; Little Rock 0 - Plumstead 0
TOP OF THE 2ND
Little Rock Lemmiwinks batting - Pitching for Plumstead Eagles : RHP Manny Ramos
Batting: RHB John Robertson 0-0: Ball
1-0: Ball
2-0: Called Strike
2-1: Foul Ball, location: 2F
2-2: Foul Ball, location: 2F
2-2: Foul Ball, location: 2F
2-2: Ball
3-2: Foul Ball, location: 2F
3-2: Base on Balls
Batting: RHB Roberto Valdéz 0-0: Ball
1-0: Called Strike
1-1: Ball
2-1: Foul Ball, location: 2F
2-2: Foul Ball, location: 2F
2-2: Strikes out swinging
Batting: LHB Francisco Gonzáles 0-0: Ground out U3 (Groundball, 34)
John Robertson to second
Batting: LHB Lorenzo Féliz 0-0: Called Strike
0-1: Foul Ball, location: 2F
0-2: Ball
1-2: Foul Ball, location: 2F
1-2: Strikes out swinging
Top of the 2nd over - 0 run(s), 0 hit(s), 0 error(s), 1 left on base; Little Rock 0 - Plumstead 0
BOTTOM OF THE 2ND
Plumstead Eagles batting - Pitching for Little Rock Lemmiwinks : LHP Alberto Galindo
Batting: LHB Ryan Flynn 0-0: Called Strike
0-1: Ball
1-1: Called Strike
1-2: Strikes out looking
Batting: LHB Dennis McConnell 0-0: Ball
1-0: Called Strike
1-1: Foul Ball, location: 2F
1-2: Ball
2-2: Ball
3-2: Reached via error on a dropped throw, E1
Batting: RHB Wilson Durán 0-0: Ball
1-0: Ball
2-0: Swinging Strike
2-1: Foul Ball, location: 2F
2-2: Strikes out swinging
Batting: RHB Matt Thompson 0-0: Fly out, F8 (Line Drive, 89M)
Bottom of the 2nd over - 0 run(s), 0 hit(s), 1 error(s), 1 left on base; Little Rock 0 - Plumstead 0
TOP OF THE 3RD
Little Rock Lemmiwinks batting - Pitching for Plumstead Eagles : RHP Manny Ramos
Batting: RHB Álex Ochoa 0-0: Ball
1-0: Called Strike
1-1: Foul Ball, location: 2F
1-2: Foul Ball, location: 2F
1-2: SINGLE (Groundball, 56D)
Pitching: RHP Mario García
Batting: RHB Álex Martínez 0-0: Called Strike
Álex Ochoa steals 2nd base
0-1: Ball
1-1: Fly out, F3 (Popup, 3L)
Batting: RHB James Hunter 0-0: Ground out 5-3 (Groundball, 56)
Batting: RHB Bill Bourland 0-0: Foul Ball, location: 2F
0-1: Ball
1-1: SINGLE (Flyball, 7S)
Álex Ochoa to third
Runner from 3rd tries for Home, throw and OUT!
Top of the 3rd over - 0 run(s), 2 hit(s), 0 error(s), 1 left on base; Little Rock 0 - Plumstead 0
BOTTOM OF THE 3RD
Plumstead Eagles batting - Pitching for Little Rock Lemmiwinks : LHP Alberto Galindo
Batting: RHB Lúcio Alfaro 0-0: Swinging Strike
0-1: Foul Ball, location: 2F
0-2: Ball
1-2: Ball
2-2: Ball
3-2: Foul Ball, location: 2F
3-2: Fly out, F6 (Line Drive, 6)
Batting: LHB Russell Ewing 0-0: Foul Ball, location: 2F
0-1: Fly out, F4 (Line Drive, 4)
Batting: RHB Rob Brady 0-0: Foul Ball, location: 2F
0-1: Foul Ball, location: 2F
0-2: Foul Ball, location: 2F
0-2: Strikes out swinging
Bottom of the 3rd over - 0 run(s), 0 hit(s), 0 error(s), 0 left on base; Little Rock 0 - Plumstead 0
TOP OF THE 4TH
Little Rock Lemmiwinks batting - Pitching for Plumstead Eagles : RHP Mario García
Batting: RHB Jaime Hernández 0-0: Fly out, F7 (Line Drive, 7)
Batting: RHB John Robertson 0-0: Called Strike
0-1: Ball
1-1: Ball
2-1: Foul Ball, location: 2F
2-2: Strikes out looking
Batting: RHB Roberto Valdéz 0-0: Ball
1-0: Swinging Strike
1-1: Swinging Strike
1-2: Strikes out swinging
Top of the 4th over - 0 run(s), 0 hit(s), 0 error(s), 0 left on base; Little Rock 0 - Plumstead 0
BOTTOM OF THE 4TH
Plumstead Eagles batting - Pitching for Little Rock Lemmiwinks : LHP Alberto Galindo
Batting: RHB Kolomon Meise 0-0: Ball
1-0: Ball
2-0: Ball
3-0: Foul Ball, location: 2F
3-1: Base on Balls
Batting: LHB Roberto Rodríguez 0-0: Fielders Choice at 2nd, 3-6 (Groundball, 3)
Batting: LHB Ryan Flynn 0-0: Called Strike
Roberto Rodríguez steals 2nd base
0-1: Foul Ball, location: 2F
0-2: Ball
1-2: Ball
2-2: Strikes out swinging
Batting: LHB Dennis McConnell 0-0: Foul Ball, location: 2F
0-1: Ball
1-1: Foul Ball, location: 2F
1-2: Strikes out swinging
Bottom of the 4th over - 0 run(s), 0 hit(s), 0 error(s), 1 left on base; Little Rock 0 - Plumstead 0
TOP OF THE 5TH
Little Rock Lemmiwinks batting - Pitching for Plumstead Eagles : RHP Mario García
Batting: LHB Francisco Gonzáles 0-0: Ball
1-0: Foul Ball, location: 2F
1-1: Ground out 1-3 (Groundball, P)
Batting: LHB Lorenzo Féliz 0-0: Called Strike
0-1: Foul Ball, location: 2F
0-2: Ground out 6-3 (Groundball, 6)
Batting: RHB Álex Ochoa 0-0: Fly out, F4 (Line Drive, 4M)
Top of the 5th over - 0 run(s), 0 hit(s), 0 error(s), 0 left on base; Little Rock 0 - Plumstead 0
BOTTOM OF THE 5TH
Plumstead Eagles batting - Pitching for Little Rock Lemmiwinks : LHP Alberto Galindo
Batting: RHB Wilson Durán 0-0: Ball
1-0: Fly out, F7 (Flyball, 78S)
Batting: RHB Matt Thompson 0-0: Called Strike
0-1: DOUBLE (Groundball, 5L)
Batting: RHB Lúcio Alfaro 0-0: Ball
1-0: Ball
2-0: SINGLE (Line Drive, 34)
Matt Thompson to third
Throwing error, E9
Matt Thompson scores
Lúcio Alfaro to second
Batting: LHB Russell Ewing 0-0: Ball
1-0: Called Strike
1-1: Foul Ball, location: 2F
1-2: Foul Ball, location: 2F
1-2: Ball
2-2: Ball
3-2: Fly out, F8 (Flyball, 8LM)
Batting: RHB Rob Brady 0-0: Swinging Strike
0-1: Foul Ball, location: 2F
0-2: Strikes out swinging
Bottom of the 5th over - 1 run(s), 2 hit(s), 1 error(s), 1 left on base; Little Rock 0 - Plumstead 1
TOP OF THE 6TH
Little Rock Lemmiwinks batting - Pitching for Plumstead Eagles : RHP Mario García
Batting: RHB Álex Martínez 0-0: Ball
1-0: Foul Ball, location: 2F
1-1: Ball
2-1: Foul Ball, location: 2F
2-2: Fly out, F9 (Flyball, 89S)
Batting: RHB James Hunter 0-0: Called Strike
0-1: Called Strike
0-2: Ground out 6-3 (Groundball, 6)
Batting: RHB Bill Bourland 0-0: Called Strike
0-1: Foul Ball, location: 2F
0-2: Ball
1-2: Strikes out swinging
Top of the 6th over - 0 run(s), 0 hit(s), 0 error(s), 0 left on base; Little Rock 0 - Plumstead 1
BOTTOM OF THE 6TH
Plumstead Eagles batting - Pitching for Little Rock Lemmiwinks : LHP Alberto Galindo
Batting: RHB Kolomon Meise 0-0: Called Strike
0-1: Called Strike
0-2: Ball
1-2: Foul Ball, location: 2F
1-2: Ball
2-2: Strikes out looking
Batting: LHB Roberto Rodríguez 0-0: Called Strike
0-1: Swinging Strike
0-2: Foul Ball, location: 2F
0-2: Strikes out swinging
Batting: LHB Ryan Flynn 0-0: Foul Ball, location: 2F
0-1: Swinging Strike
0-2: Ball
1-2: Ball
2-2: Strikes out looking
Bottom of the 6th over - 0 run(s), 0 hit(s), 0 error(s), 0 left on base; Little Rock 0 - Plumstead 1
TOP OF THE 7TH
Little Rock Lemmiwinks batting - Pitching for Plumstead Eagles : RHP Mario García
Pitching: LHP Jake Davis
Batting: RHB Jaime Hernández 0-0: Ball
1-0: Called Strike
1-1: Swinging Strike
1-2: Strikes out swinging
Batting: RHB John Robertson 0-0: Ground out U3 (Groundball, 34)
Batting: RHB Roberto Valdéz 0-0: Called Strike
0-1: Fly out, F6 (Popup, 6D)
Top of the 7th over - 0 run(s), 0 hit(s), 0 error(s), 0 left on base; Little Rock 0 - Plumstead 1
BOTTOM OF THE 7TH
Plumstead Eagles batting - Pitching for Little Rock Lemmiwinks : LHP Alberto Galindo
Pitching: LHP Alfonso Viera
Batting: LHB Dennis McConnell 0-0: Foul Ball, location: 2F
0-1: Foul Ball, location: 2F
0-2: Fly out, F5 (Popup, 56)
Batting: RHB Wilson Durán 0-0: Ground out 1-3 (Groundball, P)
Batting: RHB Matt Thompson 0-0: Ball
1-0: Foul Ball, location: 2F
1-1: Ball
2-1: Fly out, F9 (Flyball, 89XD)
Bottom of the 7th over - 0 run(s), 0 hit(s), 0 error(s), 0 left on base; Little Rock 0 - Plumstead 1
TOP OF THE 8TH
Little Rock Lemmiwinks batting - Pitching for Plumstead Eagles : LHP Jake Davis
Batting: LHB Francisco Gonzáles 0-0: Foul Ball, location: 2F
0-1: Ball
1-1: Ball
2-1: Foul Ball, location: 2F
2-2: Ball
3-2: Base on Balls
Pinch Hitting: SHB Darrel Lang 0-0: Ball
1-0: DOUBLE (Line Drive, 8LM)
Francisco Gonzáles to third
Runner from 3rd tries for Home, SAFE, no throw
Pinch Hitting: RHB Gustavo Medine 0-0: Intentional Walk
Batting: RHB Álex Martínez 0-0: Sac Bunt - play at first, batter OUT! 1-4
Darrel Lang to third
Gustavo Medine to second
Batting: RHB James Hunter 0-0: Ball
1-0: Foul Ball, location: 2F
1-1: Foul Ball, location: 2F
1-2: Foul Ball, location: 2F
1-2: Ball
2-2: SINGLE (Line Drive, 5D)
Darrel Lang scores
Gustavo Medine to third
Batting: RHB Bill Bourland 0-0: Foul Ball, location: 2F
0-1: SINGLE (Groundball, 34D)
Gustavo Medine scores
James Hunter to second
Runner from 2nd tries for 3rd, SAFE, throw made to third
Pitching: RHP Gustavo Hernández
Batting: RHB Jaime Hernández 0-0: Ball
1-0: Ball
2-0: Called Strike
2-1: Ball
3-1: SINGLE (Groundball, 6M) (infield hit)
James Hunter scores
Bill Bourland to second
Batting: RHB John Robertson 0-0: Ball
1-0: Foul Ball, location: 2F
1-1: Ball
2-1: Ball
3-1: Foul Ball, location: 2F
3-2: Fly out, F8 (Flyball, 8RD)
Runner from 2nd tags up, SAFE at 3rd, no throw
Batting: RHB Roberto Valdéz 0-0: Ball
1-0: Called Strike
1-1: Ball
2-1: Swinging Strike
2-2: Strikes out swinging
Top of the 8th over - 4 run(s), 4 hit(s), 0 error(s), 2 left on base; Little Rock 4 - Plumstead 1
BOTTOM OF THE 8TH
Plumstead Eagles batting - Pitching for Little Rock Lemmiwinks : LHP Alfonso Viera
Now at 3B: Jack Crossey
Now in CF: Claudio Palácios
Batting: RHB Lúcio Alfaro 0-0: Called Strike
0-1: Called Strike
0-2: Ball
1-2: Strikes out swinging
Batting: LHB Russell Ewing 0-0: Called Strike
0-1: Ball
1-1: Ball
2-1: Fly out, F8 (Flyball, 89M)
Batting: RHB Rob Brady 0-0: Ball
1-0: Ball
2-0: Ground out 6-3 (Groundball, 6)
Bottom of the 8th over - 0 run(s), 0 hit(s), 0 error(s), 0 left on base; Little Rock 4 - Plumstead 1
TOP OF THE 9TH
Little Rock Lemmiwinks batting - Pitching for Plumstead Eagles : RHP Gustavo Hernández
Batting: LHB Francisco Gonzáles 0-0: Ball
1-0: Ground out U3 (Groundball, 34)
Batting: RHB Jack Crossey 0-0: Called Strike
0-1: Ball
1-1: Foul Ball, location: 2F
1-2: Ball
2-2: Foul Ball, location: 2F
2-2: Ball
3-2: Strikes out swinging wild pitch, reaches first!
Batting: LHB Claudio Palácios 0-0: Called Strike
0-1: Fly out, F8 (Flyball, 8LD)
Batting: RHB Álex Martínez 0-0: Called Strike
0-1: Ball
1-1: Swinging Strike
1-2: Hit by Pitch
Jack Crossey to second
Batting: RHB James Hunter 0-0: Foul Ball, location: 2F
0-1: Ball
1-1: Fielders Choice at 2nd, 4-6 (Groundball, 4)
Top of the 9th over - 0 run(s), 0 hit(s), 0 error(s), 1 left on base; Little Rock 4 - Plumstead 1
BOTTOM OF THE 9TH
Plumstead Eagles batting - Pitching for Little Rock Lemmiwinks : LHP Alfonso Viera
Pitching: RHP José Peña
Batting: RHB Kolomon Meise 0-0: Called Strike
0-1: Foul Ball, location: 2F
0-2: Ball
1-2: Ground out 6-3 (Groundball, 6)
Batting: LHB Roberto Rodríguez 0-0: Ball
1-0: Ball
2-0: Ball
3-0: Called Strike
3-1: Base on Balls
Batting: LHB Ryan Flynn 0-0: Ball
1-0: Ball
2-0: Called Strike
2-1: Swinging Strike
2-2: Strikes out swinging
Batting: LHB Dennis McConnell 0-0: Ball
1-0: Ball
2-0: Foul Ball, location: 2F
2-1: Swinging Strike
2-2: Fly out, F3 (Popup, 3S)
Bottom of the 9th over - 0 run(s), 0 hit(s), 0 error(s), 1 left on base; Little Rock 4 - Plumstead 1
Tuesday, August 8th, 2017 - OOTP Baseball 17.12 Build 75